 Dungeon Crawl Stone Soup version 0.18-a0-1773-gec4f98e (webtiles) character file.

15 M4edhros the Grave Robber (level 2, 0/17 HPs)
             Began as an Octopode Necromancer on Apr 14, 2016.
             Succumbed to an adder's poison
             ... on level 2 of the Dungeon.
             The game lasted 00:05:40 (690 turns).

M4edhros the Grave Robber (Octopode Necromancer)     Turns: 690, Time: 00:05:41

Health: 0/17       AC:  1    Str:  5 (7)  XL:     2   Next: 50%
Magic:  5/5        EV: 12    Int: 16 (17) God:
Gold:   65         SH:  0    Dex: 10 (12) Spells: 1 memorised, 4 levels left

rFire  . . .     SeeInvis .       - Unarmed
rCold  . . .     Gourm    .     (no shield)
rNeg   . . .     Faith    .     (helmet restricted)
rPois  .         Spirit   .     (no amulet)
rElec  .         Dismiss  .     (no ring)
rCorr  .         Reflect  .     (no ring)
SustAt .         Harm     .     (no ring)
MR     .....                    (no ring)
Stlth  +++.......               (no ring)
                                (no ring)
                                (no ring)
                                (no ring)

@: lethally poisoned (0 -> -5), not resistant to hostile enchantments, fairly
stealthy
A: almost no armour, amphibious, 8 rings, constrict 8, camouflage 1, gelatinous
body 1
a: no special abilities


You were on level 2 of the Dungeon.
You were not hungry.

You visited 1 branch of the dungeon, and saw 3 of its levels.

You collected 65 gold pieces.

Inventory:

Hand Weapons
 j - a +0 hunting sling
Missiles
 i - 16 stones (quivered)
Scrolls
 c - 2 scrolls of remove curse {unknown}
 d - 2 scrolls of identify {unknown}
Books
 a - a book of Necromancy

   Spells                             Type                      Level
   a - Pain                           Necromancy                   1
   b - Animate Skeleton               Necromancy                   1
   c - Vampiric Draining              Necromancy                   3
   d - Regeneration                   Charms/Necromancy            3
   e - Animate Dead                   Necromancy                   4
   f - Control Undead                 Necromancy                   4
Comestibles
 b - a bread ration
 g - a meat ration


   Skills:
 - Level 2.0 Dodging
 - Level 2.6 Stealth
 + Level 2.0 Unarmed Combat
 - Level 2.0 Spellcasting
 - Level 4.0 Necromancy


You had 4 spell levels left.
You knew the following spells:

 Your Spells              Type           Power        Failure   Level  Hunger
a - Pain                  Necr           ##..         4%          1    #......


Dungeon Overview and Level Annotations

Branches:
Dungeon (3/15)

Altars:
Yredelemnul


Innate Abilities, Weirdness & Mutations

You cannot wear most types of armour.
You are amphibious.
You can wear up to eight rings at the same time.
You can use your tentacles to constrict eight enemies at once.
Your skin changes colour to match your surroundings (Stealth).
Your rubbery body absorbs attacks (AC +1).


Message History

You tentacle-slap the adder. Your grab misses the adder.
The adder is lightly wounded.
The adder bites you.
You tentacle-slap the adder. Your grab misses the adder.
The adder is moderately wounded.
The adder bites you.
You are poisoned.
The adder poisons you! The adder bites you.
* * * LOW HITPOINT WARNING * * *
You aren't carrying any potions.
Read which item? (? for menu, Esc to quit)
As you read the scroll labeled CEDIUS JULET, it crumbles to dust.
You assume a fearsome visage.
The adder looks frightened!
It was a scroll of fear.
* * * LOW HITPOINT WARNING * * *
You feel sick.
* * * LOW HITPOINT WARNING * * *
You feel sick.
There is an open door here.
You die...

....# #.########## #......
....#####..........# #......
....>........>.....# #......
.......######.###..########.##...
#.##.............................
#.##....#####.......#######.#####
#.##....#####.......## #.##### #.
#.................# #......
#........#...@..#.# #.####.
##+#.###.#......#..# #...<#
#.....#......##.# #.####
.#######.##'#.##.# #.#
.........##.#.##.## #.#
###########.#.##..# #.#
#.#.###.####.# #.#..........#
#.#+####.###.#


There were no monsters in sight!

Vanquished Creatures
  A giant cockroach (D:2)
  A goblin (D:2)
  2 hobgoblins (D:1)
  2 jackals (D:2)
  A ball python (D:2)
  3 bats
  3 kobolds
  2 rats
15 creatures vanquished.

Notes
Turn   | Place    | Note
--------------------------------------------------------------
     0 | D:1      | M4edhros the Octopode Necromancer began the quest for the Orb.
     0 | D:1      | Reached XP level 1. HP: 11/11 MP: 3/3
   113 | D:2      | Reached skill level 1 in Unarmed Combat
   393 | D:1      | Reached XP level 2. HP: 8/17 MP: 1/5
   629 | D:2      | Found a basalt altar of Yredelemnul.
   690 | D:2      | Succumbed to an adder's poison

Vault maps used:
D:1:      minmay_arrival_diagonal_passages, minivault_11
D:2:      kennysheep_goblin_castle, nicolae_overflow_crystal_walls,
          grunt_qazlal_clouds, uniq_jessica
D:3:      grunt_temple_overflow_growth_and_decay,
          grunt_temple_overflow_cloverleaf, first_bread, grunt_ministairs_3

Skill      XL: |  1  2 |
---------------+-------+-----
Unarmed Combat | 1 2 |  2.0
Dodging        | |  2.0
Stealth        | |  2.6
Spellcasting   | |  2.0
Necromancy     | |  4.0

Action                   || total
-------------------------++-------
Melee: Unarmed           ||     3
       Constrict         ||     1
 Cast: Pain              ||    25
  Use: Potion            ||     6
       Scroll            ||     1
Dodge: Dodged            ||     3
